 Dungeon Crawl Stone Soup version 0.31.0-12-g77e489cdc1 (webtiles) character file.

Game seed: 7694702565406090496

190 Arctor the Magician (level 5, 0/28 HPs)
             Began as a Deep Elf Fire Elementalist on Feb 11, 2024.
             Succumbed to a gnoll's poison
             ... on level 4 of the Dungeon.
             The game lasted 00:03:59 (5113 turns).

Arctor the Magician (Deep Elf Fire Elementalist)    Turns: 5113, Time: 00:03:59

Health: 0/28       AC:  3    Str:  2 (5)  XL:     5   Next: 41%
Magic:  1/13       EV: 11    Int: 20 (22) God:
Gold:   139        SH:  4    Dex: 13 (15) Spells: 6/12 levels left

rFire   . . .        (no weapon)
rCold   . . .        g - +0 buckler
rNeg    . . .        a - +0 robe
rPois   .            (no helmet)
rElec   .            c - +0 cloak
rCorr   .            (no gloves)
SInv    .            (no boots)
Will    .....        (no amulet)
Stlth   ++           (no ring)
HPRegen 0.24/turn    (no ring)
MPRegen 0.13/turn

%: no passive effects
@: brilliant, lethally poisoned (0 -> -4), hasted, very quick
A: no striking features
a: no special abilities


You were on level 4 of the Dungeon.
You visited 1 branch of the dungeon, and saw 4 of its levels.

You collected 139 gold pieces.

Inventory:

Armour
 a - a +0 robe (worn)
 c - a +0 cloak (worn)
 g - a +0 buckler (worn)
Scrolls
 e - 2 scrolls of teleportation {unknown}
 f - a scroll of fear {unknown}
 k - 2 scrolls of immolation {unknown}
 l - a scroll of identify {unknown}
 m - a scroll of enchant weapon {unknown}
Potions
 b - 3 potions of magic
 j - a potion of enlightenment {unknown}


   Skills:
 + Level 3.6 Dodging
 + Level 4.0 Stealth
 + Level 4.3 Spellcasting
 + Level 2.6 Conjurations
 + Level 4.2 Fire Magic


You had 6 spell levels left.
You knew the following spells:

 Your Spells              Type           Power      Damage    Failure   Level
a - Foxfire               Conj/Fire      100%       2x1d9     8%          1
b - Scorch                Fire           62%        2d7       9%          2
c - Volatile Blastmotes   Fire/Tloc      38%        2d13      36%         3

Your spell library contained the following spells:

 Spells                   Type           Power      Damage    Failure   Level
 Inner Flame              Hex/Fire       19%        N/A       36%         3
 Flame Wave               Conj/Fire      27%        2d9       58%         4


Dungeon Overview and Level Annotations

Branches:
Dungeon (4/15)
 Temple: D:4-7

Altars:
Ashenzari
Yredelemnul


Message History

Flames lash the gnoll.
The gnoll is almost dead.
The gnoll's fire resistance burns away.
You feel sick. The gnoll hits you but does no damage.
You are more poisoned.
Casting: Scorch (safe; 5% risk of failure)
Confirm with . or Enter, or press ? or * to list all spells.
Flames lash the gnoll but do no damage.
You feel sick.
The gnoll hits you with a +2 spear of venom.
You are lethally poisoned!
Unknown command.
Casting: Scorch (safe; 5% risk of failure)
Confirm with . or Enter, or press ? or * to list all spells.
You don't have enough magic to cast this spell.
Casting: Scorch (safe; 5% risk of failure)
Confirm with . or Enter, or press ? or * to list all spells.
You conjure some foxfire!
You feel very sick. You block the gnoll's attack.
Your foxfire dissipates!
* * * LOW HITPOINT WARNING * * *
You feel very sick.
The foxfire hits the gnoll.
The gnoll is burned terribly!
You kill the gnoll!
* * * LOW HITPOINT WARNING * * *
You feel sick.
* * * LOW HITPOINT WARNING * * *
You feel sick.
It was a potion of degeneration.
There was something very wrong with that liquid.
You feel weakened.
You feel dopey.
You feel clumsy.
* * * LOW HITPOINT WARNING * * *
You feel sick.
Unknown command.
It was a potion of brilliance.
You feel clever all of a sudden.
* * * LOW HITPOINT WARNING * * *
You feel sick.
It was a potion of haste.
You feel yourself speed up.
You die...

#.....# ##...#..#
#.....###########..g##
#.....#........####.# #
#.....#.#####..# #g# #.
##.....#.# #..# #.##..
##.##.###.# ###..## #.....
####...#.###.###<....####g...
+.......................'....
####...#.###@###.#...####....
##.##.# #....)...## ##...
####.# #####)#### #.. #.# #.#
#. #.# #.# # ..# #.# # .##
#.# # #.# ## #<##### ##.


There were no monsters in sight!

Vanquished Creatures
  A gnoll bouda (D:3)
  5 gnolls (D:4)
  3 adders
  3 dart slugs
  3 ribbon worms (D:2)
  An orc (D:3)
  6 bats
  4 endoplasms
  5 giant cockroaches
  4 goblins
  6 hobgoblins
  5 jackals (D:2)
  5 quokkas
  6 ball pythons
  7 frilled lizards
  5 kobolds
  7 rats
76 creatures vanquished.

Vanquished Creatures (collateral kills)
  2 foxfires
2 creatures vanquished.

Vanquished Creatures (others)
  411 foxfires
411 creatures vanquished.

Grand Total: 489 creatures vanquished

Notes
Turn   | Place    | Note
-------+----------+-------------------------------------------
     0 | D:1      | Arctor the Deep Elf Fire Elementalist began the quest for
                  | the Orb.
     0 | D:1      | Reached XP level 1. HP: 10/10 MP: 6/6
   465 | D:1      | Reached XP level 2. HP: 15/15 MP: 2/8
  1235 | D:1      | Learned a level 2 spell: Scorch
  1552 | D:2      | Reached XP level 3. HP: 19/19 MP: 4/9
  1992 | D:2      | Found a broken altar of Ashenzari.
  2485 | D:2      | Reached XP level 4. HP: 24/24 MP: 6/11
  4034 | D:3      | Found a faded altar of an unknown god.
  4298 | D:3      | Found a basalt altar of Yredelemnul.
  4996 | D:3      | Reached XP level 5. HP: 28/28 MP: 3/13
  5094 | D:4      | Learned a level 3 spell: Volatile Blastmotes
  5112 | D:4      | HP: 1/28 [poisoned by a gnoll]
  5113 | D:4      | Succumbed to a gnoll's poison

Illustrated notes

Levels and vault maps discovered:
D:1:      shiori_arrival_oz, layout_loops_ring, minmay_tetromino_s2
D:2:      minmay_alternating_diamond, layout_basic, basic_altar,
          dreamdust_princess_bridge, dk_noncrumbling_4
D:3:      layout_basic, mainiacjoe_overflow_alcove_1,
          ebering_ecumenical_altar_abandoned, saegor_snake_ambush
D:4:      minmay_skewed_foursquare, layout_loops_corners,
          mainiacjoe_overflow_divided_tiny, fedhas_altar_decomposition

Skill      XL: |  1  2  3  4  5 |
---------------+----------------+-----
Stealth        | 3 4 |  4.0
Dodging        | 3 |  3.6
Conjurations   | 2 |  2.6
Spellcasting   | 4 |  4.3
Fire Magic     | 4 |  4.2

Action                     |  1- 3 |  4- 6 || total
---------------------------+-------+-------++-------
  Melee: Unarmed           |     1 |     1 ||     2
   Cast: Foxfire           |   147 |   120 ||   267
         Scorch            |     1 |    16 ||    17
    Use: Scroll            |     1 |       ||     1
         Potion            |       |     3 ||     3
 Armour: Robe              |     5 |    19 ||    24
  Dodge: Dodged            |    12 |    23 ||    35
  Block: Buckler           |     2 |    15 ||    17
